Cogmind - Beta 17.1 --- EXPLORER MODE // 2026.09.18 @ 08:48:22 Player: NeoBioHazard Result: Destroyed by Combat Programmer with EMDS Performance ------------- Evolutions (9) 4500 Regions Visited (17) 3400 Robots Destroyed (387) 1935 Value Destroyed (20135) 20135 Prototype IDs (42) 840 Alien Tech Used (0) 0 Bonus (3068) 3068 TOTAL SCORE: 33878 Bonus ------- High Alert Combat Kills 611 Follower Combat Kills 657 Hunted by Unchained 500 Network Hubs Disabled 800 Scanned by Researcher 500 Cogmind --------- Core Integrity 0/1600 Matter 290/300 Energy 100/100 System Corruption 17% Temperature Cool (0) Movement Core (50) Location -1/Command Parts ------- > --- POWER (2) -------- (None) > --- PROPULSION (8) --- (None) > --- UTILITY (8) ------ (None) > --- WEAPON (8) ------- (None) > --- INVENTORY (5) ---- Antimatter Reactor Quantum Reactor Biometal Medium Treads High-capacity Matter Pod (0) Centrium Light Armor Plating Peak State ------------ > --- POWER ------------ Light Quantum Reactor Reinforced Quantum Reactor > --- PROPULSION ------- Armored Heavy Treads Biometal Heavy Treads Enhanced Armored Heavy Treads Advanced Heavy Siege Treads > --- UTILITY ---------- Advanced Cooling System Experimental Cooling System High-capacity Storage Unit Experimental Targeting Computer Core Analyzer Improved Kinecellerator Centrium Light Armor Plating Advanced Force Field > --- WEAPON ----------- KE Penetrator KE Penetrator KE Penetrator KE Penetrator KE Penetrator Railgun Railgun Multirail > --- INVENTORY -------- Antimatter Reactor Quantum Reactor Heavy Siege Treads Biometal Medium Treads Biometal Medium Treads Advanced Heat Sink High-capacity Matter Pod High-capacity Matter Pod Centrium Light Armor Plating Heavy Machine Gun Heavy Machine Gun Heavy Machine Gun Heavy Machine Gun Heavy Machine Gun Heavy Machine Gun Enhanced Force Lance [Rating: 205] Favorites ----------- Power Quantum Reactor Engine Ion Engine Reactor Quantum Reactor Propulsion Armored Treads Treads Armored Treads Leg Improved VSS Leg Wheel Compact Wheel Flight Unit Field Propulsion Drive Utility Experimental Cooling System Device Experimental Cooling System Storage High-capacity Storage Unit Processor Experimental Targeting Computer Protection Hardened Light Armor Plating Weapon KE Penetrator Energy Gun Phase Gun Energy Cannon EMDS Ballistic Gun KE Penetrator Impact Weapon Shock Maul Slashing Weapon Katana Piercing Weapon Enhanced Force Lance Build | -11 -10 -9 -8 -8 -7 -6 -6 -6 -6 -6 -5 -4 -3 -2 -2 -1 -1 ------- Run | Yrd Mat Mat Mat Sto Fac Fac Ext Cet Arc Hub Fac Fac Res Res Tes Acc Com Slots Evolved 19 | . 1 2 2 . 2 2 . . . . 2 2 2 2 . 2 . Power 1 | . . . . . . . . . . . . . 1 . . . . Propulsion 6 | . . 1 . . 1 . . . . . . 1 1 . . 2 . Utility 6 | . . . 2 . . 1 . . . . 2 1 . . . . . Weapon 6 | . 1 1 . . 1 1 . . . . . . . 2 . . . Parts Attached 185 | 7 7 6 4 16 5 9 5 7 1 19 16 16 8 8 14 21 16 Power 20 | 1 1 1 . 2 . 2 1 1 . 2 2 1 1 2 1 1 1 Engine 11 | 1 1 1 . 2 . 2 1 . . 1 2 . . . . . . Core . | . . . . . . . . . . . . . . . . . . Reactor 9 | . . . . . . . . 1 . 1 . 1 1 2 1 1 1 Propulsion 39 | 2 . 3 . 9 1 . 1 1 . 4 3 3 4 2 1 4 1 Treads 36 | 2 . 3 . 9 1 . 1 1 . 3 1 3 4 2 1 4 1 Leg 1 | . . . . . . . . . . . 1 . . . . . . Wheel 1 | . . . . . . . . . . 1 . . . . . . . Hover . | . . . . . . . . . . . . . . . . . . Flight 1 | . . . . . . . . . . . 1 . . . . . . Utility 58 | 2 2 . 3 2 1 2 2 2 . 7 5 11 1 1 7 5 5 Device 20 | . . . . . . 1 1 . . 4 1 5 . . 4 1 3 Storage 3 | 1 . . . . . . . . . . 1 . 1 . . . . Processor 19 | . . . 2 . . . . . . 2 3 6 . 1 2 3 . Hackware . | . . . . . . . . . . . . . . . . . . Protection 16 | 1 2 . 1 2 1 1 1 2 . 1 . . . . 1 1 2 Artifact . | . . . . . . . . . . . . . . . . . . Weapon 68 | 2 4 2 1 3 3 5 1 3 1 6 6 1 2 3 5 11 9 Energy Gun 6 | . . . . 1 . . . . . 1 . . . . 1 1 2 Energy Cannon 3 | . . . . . . . . . . 3 . . . . . . . Ballistic Gun 54 | 2 4 2 1 1 3 5 1 3 1 1 6 . 2 3 2 10 7 Ballistic Cannon . | . . . . . . . . . . . . . . . . . . Launcher . | . . . . . . . . . . . . . . . . . . Special Weapon . | . . . . . . . . . . . . . . . . . . Impact Weapon 3 | . . . . . . . . . . 1 . 1 . . 1 . . Slashing Weapon 1 | . . . . 1 . . . . . . . . . . . . . Piercing Weapon 1 | . . . . . . . . . . . . . . . 1 . . Special Melee Weapon . | . . . . . . . . . . . . . . . . . . Unidentified Prototypes 24 | . . 1 . 1 . . . 3 . 5 . 3 . . 7 3 1 Parts Lost 60 | . . . . . . . . . . 17 1 2 . 2 2 9 27 Power 4 | . . . . . . . . . . 1 . . . . . 1 2 Propulsion 9 | . . . . . . . . . . 3 1 . . . . . 5 Utility 13 | . . . . . . . . . . 4 . 2 . . . 2 5 Weapon 34 | . . . . . . . . . . 9 . . . 2 2 6 15 Highest Loss Streak 23 | . . . . . . . . . . 12 1 2 . 2 1 3 23 To Critical Strikes 3 | . . . . . . . . . . . . . . . . . 3 Average Backups 12 | 1 8 9 9 9 9 9 10 10 10 6 10 13 16 18 17 16 16 Power 1 | . 1 1 1 . . . 1 1 1 . 1 4 4 4 4 2 2 Propulsion 1 | . . . 1 1 1 1 1 1 1 . . . 2 4 4 3 2 Utility 3 | . 4 5 3 3 3 2 2 3 4 2 2 4 5 5 5 5 4 Weapon 4 | . 2 2 3 4 5 6 5 4 4 2 6 4 4 4 4 5 7 Tool/Special . | . . . . . . . . . . . . . . . . . . Unused Backups 30 | . 9 . 1 1 . 2 1 2 . 1 . . . 1 1 4 7 Power 2 | . . . . . . . . . . 1 . . . . . 1 . Propulsion 5 | . . . . 1 . . . . . . . . . 1 . 1 2 Utility 9 | . 4 . . . . . . . . . . . . . 1 . 4 Weapon 14 | . 5 . 1 . . 2 1 2 . . . . . . . 2 1 Tool/Special . | . . . . . . . . . . . . . . . . . . Average Slot Usage (%) 90 | . 99 99 99 99 99 99 99 94 93 80 94 92 91 86 86 81 73 Engine 3 | . 12 10 8 7 7 6 6 2 . 3 5 1 . . . . . Reactor 3 | . . . . . . . . 3 6 2 . 3 8 8 8 6 6 Treads 17 | . 25 29 25 24 28 25 24 19 18 11 7 14 18 12 12 14 13 Device 5 | . . . . . . 1 6 6 6 4 10 9 8 8 8 7 11 Storage 5 | . 12 10 8 8 7 6 6 6 6 6 9 5 4 4 4 3 2 Processor 12 | . . . 8 8 7 6 6 6 6 9 16 23 22 20 17 14 7 Protection 6 | . 11 10 15 16 14 16 12 12 12 9 . . . . 1 3 1 Ballistic Gun 30 | . 36 40 33 31 34 37 37 37 37 24 28 25 26 32 31 27 25 Peak Build Rating 205 | 7 13 18 23 33 43 62 66 104 104 110 100 118 148 171 182 200 205 Average Rating 107 | 5 10 16 22 26 38 55 63 92 103 86 90 103 137 166 174 192 177 On Entrance 80 | . 7 13 18 23 30 43 62 66 103 104 75 95 117 148 165 182 191 Avg Prop Armor Cover (%) 4 | . . . . 10 . . . . . 6 7 1 1 . . 5 11 Naked Turns 88 | . . . . . . . . . . . . . . . . . 88 Heaviest Build 155 | 20 29 34 39 41 45 72 76 82 82 92 113 87 109 121 129 127 155 Greatest Support 295 | 40 40 60 60 62 80 80 90 130 130 130 48 106 192 210 215 295 295 Greatest Overweight (x) 16 | 1 . . . 9 . . 1 . . 16 7 1 1 . . . 1 Average Overweight (x) . | . . . . . . . . . . 1 3 . . . . . . Largest Inventory Capacity 20 | 10 10 10 10 10 10 10 10 10 10 10 20 20 20 20 20 20 20 Average Capacity 15 | 8 10 10 10 10 10 10 10 10 10 10 18 20 20 20 20 20 18 Most Carried 20 | 3 10 10 10 10 10 10 10 10 10 10 18 18 20 20 20 20 20 Average Carried 13 | 1 8 9 9 9 9 9 9 9 10 6 13 14 16 19 18 17 17 Final Capacity 20 | 10 10 10 10 10 10 10 10 10 10 10 20 20 20 20 20 20 5 Final Carried 20 | 3 10 10 10 9 10 10 10 10 10 7 18 15 19 20 18 20 5 Class Distribution -------------------- 46% | Scavenger-Executioner 21% | Hacker-Executioner 18% | Hacker-Tank 4% | Commander-Tank 4% | Scientist-Executioner Dominant Class ---------------- Hacker-Tank | -10/Materials Hacker-Tank | -9/Materials Hacker-Tank | -8/Materials Hacker-Tank | -8/Storage Hacker-Tank | -7/Factory Hacker-Executioner | -6/Factory Hacker-Executioner | -6/Extension Scavenger-Executioner | -6/Cetus Scavenger-Executioner | -6/Archives Scavenger-Executioner | -6/Hub_04(d) Scavenger-Executioner | -5/Factory Hacker-Executioner | -4/Factory Hacker-Executioner | -3/Research Hacker-Executioner | -2/Research Scavenger-Executioner | -2/Testing Scavenger-Executioner | -1/Access Scavenger-Executioner | -1/Command Resources | -11 -10 -9 -8 -8 -7 -6 -6 -6 -6 -6 -5 -4 -3 -2 -2 -1 -1 ----------- Run | Yrd Mat Mat Mat Sto Fac Fac Ext Cet Arc Hub Fac Fac Res Res Tes Acc Com Matter Collected 16965 | 227 571 196 168 1125 532 299 1280 192 88 2369 589 749 337 1147 2377 2864 1855 Remotely . | . . . . . . . . . . . . . . . . . . Salvage Created 22837 | . 460 297 168 1651 989 326 1429 80 259 2883 1061 999 358 2183 2281 4827 2586 Parts 1139 | . 21 19 9 94 59 13 64 5 13 138 37 49 20 96 105 263 134 Haulers Intercepted 22 | . 1 . . 5 2 1 . . . 5 1 1 . 1 1 4 . Recyclers Shooed 9 | . 1 . 1 1 . . . . . . . 1 . . . 2 3 Parts Field Recycled . | . . . . . . . . . . . . . . . . . . Retrieved Matter . | . . . . . . . . . . . . . . . . . . Parts Self-Destructed . | . . . . . . . . . . . . . . . . . . Prevented . | . . . . . . . . . . . . . . . . . . Parts Restored . | . . . . . . . . . . . . . . . . . . Kills | -11 -10 -9 -8 -8 -7 -6 -6 -6 -6 -6 -5 -4 -3 -2 -2 -1 -1 ------- Run | Yrd Mat Mat Mat Sto Fac Fac Ext Cet Arc Hub Fac Fac Res Res Tes Acc Com Combat Hostiles Destroyed 263 | . 5 5 3 19 9 3 12 1 3 29 12 14 5 24 25 58 36 Melee 2 | . . . . . . . . . . 2 . . . . . . . Guns 260 | . 5 5 3 19 9 3 12 1 3 26 12 14 5 24 25 58 36 Classes Destroyed 25 | . 7 2 1 2 . 1 1 . . 3 1 . . . 4 2 1 Worker 32 | . 1 . 1 9 11 1 . . . 4 . . . 1 3 1 . Builder 22 | . 1 . . 4 2 . 2 . . 5 . 1 . 1 2 4 . Tunneler 2 | . . 1 . . . . . . . . . . . . . 1 . Hauler 22 | . 1 . . 5 2 1 . . . 5 1 1 . 1 1 4 . Recycler 21 | . 2 1 . 2 4 . 4 . . 1 2 1 . 2 . 1 1 Mechanic 1 | . . . . . . . . . . . . . . . . 1 . Operator 6 | . . . . 2 . . 1 . . 1 . . . . 1 . 1 Watcher 14 | . 1 2 . 2 . . . . . 4 1 . . . 3 . 1 Swarmer 42 | . 2 2 . 3 2 . 3 . . 2 . 4 . 3 4 10 7 Saboteur 1 | . . . . . . . . . . 1 . . . . . . . Grunt 54 | . 3 2 1 7 2 2 2 . . 9 2 2 . 5 6 11 . Brawler 4 | . . . . . . 1 . . . . . . . 2 . 1 . Duelist 6 | . . . 1 . . . 2 . . 1 1 1 . . . . . Protector 1 | . . . . . . . . . . 1 . . . . . . . Researcher 3 | . . . . . . . . . . . . . . . 3 . . Sentry 40 | . . 1 1 8 4 . 3 . 3 3 2 1 1 4 1 4 4 Hunter 23 | . . . . 1 2 . . . . 1 . . . 4 3 11 1 Programmer 51 | . . . . . . . . . . 1 5 5 4 6 6 16 8 Heavy 1 | . . . . . . . . . . . . . . . . 1 . Q-Series 6 | . . . . . . . . . . . . . . . 2 4 . Behemoth 5 | . . . . . . . 2 . . 1 . 1 . . . . 1 Cetus Guard 2 | . . . . . . . . 1 . . 1 . . . . . . Lightning 9 | . . . . . . . . . . 9 . . . . . . . Striker 4 | . . . . . . . . . . . . . . . 2 . 2 Executioner 3 | . . . . . . . . . . . 1 . . . . . 2 Alpha 7 1 | . . . . . . . . . . . . . . . 1 . . Thug 4 | . . . . . . . . . . . . . . . . . 4 Savage 1 | . . . . . . . . . . . . . . . . . 1 Guerrilla 1 | . . . . . . . . . . . . . . . . . 1 Wizard 2 | . . . . . . . . . . . . . . . . . 2 Mutant 3 | . . . . . . . . . . . . . . . . . 3 Best Kill Streak 14 | . 2 4 2 11 14 4 8 1 2 8 5 4 3 5 7 9 8 Combat Bots Only 8 | . 2 2 2 4 2 3 5 1 2 7 4 4 3 5 4 7 8 Max Kills in Single Turn 8 | . 2 1 1 2 8 1 3 1 1 4 2 3 2 3 3 3 3 Gunslinging 2 | . 1 . . 1 . . 2 . . . . 2 1 2 1 1 1 Exploded . | . . . . . . . . . . . . . . . . . . Melee 1 | . . . . . . . . . . 1 . . . . . . . Uniques/NPCs Destroyed . | . . . . . . . . . . . . . . . . . . Combat | -11 -10 -9 -8 -8 -7 -6 -6 -6 -6 -6 -5 -4 -3 -2 -2 -1 -1 -------- Run | Yrd Mat Mat Mat Sto Fac Fac Ext Cet Arc Hub Fac Fac Res Res Tes Acc Com Hostile Shots Fired 1978 | . 26 12 10 63 74 2 64 4 2 438 46 44 14 93 157 190 739 Missed 511 | . 5 2 3 20 34 1 20 2 1 102 14 16 5 33 34 69 150 Hits 1467 | . 21 10 7 43 40 1 44 2 1 336 32 28 9 60 123 121 589 Melee 28 | . . . . . . . . . . 8 . . . . 6 . 14 Projectile 1439 | . 21 10 7 43 40 1 44 2 1 328 32 28 9 60 117 121 575 AOE 1 | . . . . . . . . . . . . . . . . . 1 Critical Strikes 98 | . . 1 . 4 1 . 1 . . 23 1 . . 1 11 9 46 Part Disruptions 10 | . . . . . . . . . . 1 3 . . . 1 2 3 Damage Taken 20922 | . 148 112 61 368 253 5 589 67 17 4507 574 698 138 813 1727 2046 8799 Core 2462 | . 13 . 7 32 6 . 64 17 . 348 141 22 . 47 151 14 1600 Absorbed by Shields 307 | . . . . . . . . . . . . . . . . . 307 Reduced by Siege Mode 696 | . . . . . . . . . . 78 . . . . . . 618 Ignored by Resistances 12219 | . 98 70 39 227 168 3 346 40 10 2682 329 226 83 478 1002 1184 5234 Regen/Repaired (Parts) 294 | . . . . . . . . . . . . . . . . . 294 Core Remaining (%) 90 | 100 94 100 . 92 99 . . . . 49 85 98 100 . 86 . . Volleys Fired 544 | . 20 14 9 58 24 7 36 5 4 93 25 20 6 32 56 83 52 Largest 8 | . 3 4 4 4 5 6 6 6 6 6 6 5 6 8 8 8 8 Hottest 323 | . 69 92 92 136 127 193 193 204 204 204 198 165 198 266 270 323 306 Shots Fired 3037 | . 60 56 36 219 121 42 211 30 24 360 140 101 36 252 399 595 355 Gun 3032 | . 60 56 36 219 121 42 211 30 24 355 140 101 36 252 399 595 355 Cannon 5 | . . . . . . . . . . 5 . . . . . . . Launcher . | . . . . . . . . . . . . . . . . . . Special . | . . . . . . . . . . . . . . . . . . Kinetic 3002 | . 60 56 36 218 121 42 211 30 24 355 140 101 36 252 399 573 348 Thermal 30 | . . . . 1 . . . . . . . . . . . 22 7 Explosive . | . . . . . . . . . . . . . . . . . . Electromagnetic 5 | . . . . . . . . . . 5 . . . . . . . Robot Hit Streak 148 | . 15 18 34 59 33 19 94 52 66 77 34 55 51 124 148 60 53 Robot Miss Streak 4 | . 2 1 . 2 1 2 1 . . 3 1 1 . 1 2 2 4 Penetration Max 2 | . . . . . . 1 2 . 1 1 1 1 1 1 1 2 2 Secondary Targets 56 | . 2 . . 4 1 . 3 . . 8 2 4 1 5 6 9 11 Max Gunslinging Chain 2 | . 1 . . 1 1 . 2 . . 1 1 2 1 2 2 1 2 Shots Hit Robots 2210 | . 48 35 27 155 90 27 164 24 14 277 115 73 27 174 296 412 252 Core Hits 986 | . 22 13 8 63 46 9 64 6 7 157 39 35 12 75 113 199 118 Critical Kills 76 | . 1 . . 1 1 3 12 1 2 14 1 1 1 8 12 14 4 Critical Parts Destroyed 129 | . . . 1 1 4 3 28 4 6 24 2 1 . 13 22 16 4 Critical Strikes 230 | . 1 . 1 2 5 6 52 5 8 41 4 2 1 22 37 35 8 Burn 3 | . . . . . . . . . . . . . . . . 3 . Destroy 224 | . 1 . 1 2 5 6 52 5 8 39 4 2 1 22 36 32 8 Corrupt 1 | . . . . . . . . . . 1 . . . . . . . Smash 2 | . . . . . . . . . . 1 . . . . 1 . . Melee Attacks 19 | . . . . 2 . . . . . 3 1 8 . . 5 . . Impact 15 | . . . . . . . . . . 3 1 8 . . 3 . . Slashing 2 | . . . . 2 . . . . . . . . . . . . . Piercing 2 | . . . . . . . . . . . . . . . 2 . . Sneak Attacks 2 | . . . . . . . . . . . . 1 . . 1 . . Combat Hostiles . | . . . . . . . . . . . . . . . . . . Follow-up Attacks . | . . . . . . . . . . . . . . . . . . Damage Inflicted 50264 | . 524 542 412 2469 2465 356 1888 263 321 6297 2927 2154 798 4324 7004 10220 7300 Guns 47160 | . 524 542 412 2469 1269 340 1888 263 321 5038 2788 1926 798 4324 6892 10220 7146 Cannons 52 | . . . . . . . . . . 52 . . . . . . . Explosions 2586 | . . . . . 1196 16 . . . 1075 139 82 . . . . 78 Melee 390 | . . . . . . . . . . 132 . 146 . . 112 . . Ramming 76 | . . . . . . . . . . . . . . . . . 76 Kinetic 46431 | . 524 542 412 2451 1269 340 1888 263 321 5038 2788 1926 798 4324 6892 9695 6960 Thermal 827 | . . . . 18 . 16 . . . . . 82 . . . 525 186 Explosive 1413 | . . . . . 1196 . . . . . 139 . . . . . 78 Electromagnetic 1127 | . . . . . . . . . . 1127 . . . . . . . Impact 390 | . . . . . . . . . . 132 . 146 . . 112 . . Slashing . | . . . . . . . . . . . . . . . . . . Piercing . | . . . . . . . . . . . . . . . . . . Highest Corruption 25 | . . . . . 1 . . . . 25 1 4 . 2 5 5 17 Average Corruption 4 | . . . . . 1 . . . . 16 1 4 . 2 2 3 6 Corruption Purged . | . . . . . . . . . . . . . . . . . . Corruption Blocked . | . . . . . . . . . . . . . . . . . . Effects 199 | . . . . . 6 . . . . 42 11 18 . 9 33 42 38 Message Errors 44 | . . . . . 3 . . . . 7 4 4 . 1 6 12 7 Matter Fused 48 | . . . . . . . . . . 9 2 5 . 1 9 9 13 Heat Flow Errors 16 | . . . . . . . . . . 4 1 3 . 1 2 1 4 Energy Discharges 19 | . . . . . 1 . . . . 6 2 2 . 1 4 3 . Parts Rejected 3 | . . . . . . . . . . 1 . . . . . 1 1 Parts Fused 1 | . . . . . . . . . . 1 . . . . . . . Data Loss (minor) 22 | . . . . . . . . . . 7 1 1 . 3 4 5 1 Data Loss (major) 13 | . . . . . 1 . . . . 1 . . . . 4 5 2 Misfires 11 | . . . . . 1 . . . . 1 1 2 . 2 1 2 1 Alerts 4 | . . . . . . . . . . 1 . . . . 1 1 1 Misdirections 3 | . . . . . . . . . . . . . . . . . 3 Weapon Failures 15 | . . . . . . . . . . 4 . 1 . . 2 3 5 Overload Shots . | . . . . . . . . . . . . . . . . . . Overflow Damage 346 | . . . . . 52 . . . . 70 . 112 . . 112 . . Projectiles . | . . . . . . . . . . . . . . . . . . Explosions 164 | . . . . . 52 . . . . 70 . 42 . . . . . Melee 182 | . . . . . . . . . . . . 70 . . 112 . . Knockbacks 3 | . . . . . . . . . . 2 . 1 . . . . . Impact 3 | . . . . . . . . . . 2 . 1 . . . . . Kinetic . | . . . . . . . . . . . . . . . . . . Secondary . | . . . . . . . . . . . . . . . . . . Self-Inflicted Damage 301 | . . . . 38 . . . . . 259 . . . . . . 4 Shots 5 | . . . . 1 . . . . . 4 . . . . . . . Rammed 6 | . . . . . . . . . . . . . . . . 1 5 Targets Rammed 6 | . . . . . . . . . . . . . . . . 1 5 Kicked . | . . . . . . . . . . . . . . . . . . Crushed . | . . . . . . . . . . . . . . . . . . Highest Temperature 452 | . 210 153 201 422 170 452 360 4 4 239 117 140 . 146 181 167 267 Average Temperature 84 | . 57 47 70 120 54 205 103 2 2 35 26 63 . 104 107 124 130 Received Heat Transfer 2345 | . 99 72 36 180 42 9 156 . . 920 72 48 9 126 54 216 306 Effects 7 | . . . . 5 . 1 1 . . . . . . . . . . Shutdowns 1 | . . . . . . 1 . . . . . . . . . . . Interference 1 | . . . . . . . 1 . . . . . . . . . . Matter Decay 1 | . . . . 1 . . . . . . . . . . . . . Short Circuit 2 | . . . . 2 . . . . . . . . . . . . . Damage (minor) 2 | . . . . 2 . . . . . . . . . . . . . Siege Activations 2 | . . . . . . . . . . 1 . . . . . . 1 Total Turns 88 | . . . . . . . . . . 31 . . . . . . 57 Longest Duration 57 | . . . . . . . . . . 31 . . . . . . 57 Martial Activations . | . . . . . . . . . . . . . . . . . . Shielding Activations . | . . . . . . . . . . . . . . . . . . Robots Disrupted . | . . . . . . . . . . . . . . . . . . Combat Hostiles . | . . . . . . . . . . . . . . . . . . Robots Corrupted 3 | . . . . . . . . . . 1 . 1 . . . . 1 Combat Hostiles 1 | . . . . . . . . . . 1 . . . . . . . Parts Fried 11 | . . . . . . . . . . 6 . 1 . . 2 . 2 Impact Corruptions 6 | . . . . . . . . . . 1 . 3 . . 1 . 1 Robots Melted . | . . . . . . . . . . . . . . . . . . Combat Hostiles . | . . . . . . . . . . . . . . . . . . Parts Melted 1 | . . . . . . . . . . . . 1 . . . . . Heat Transferred 1321 | . . . . 37 . 50 . . . . . 50 . . . 962 222 Parts Sabotaged 3 | . . . . . . . . . . 3 . . . . . . . Parts Stolen . | . . . . . . . . . . . . . . . . . . Parts Stripped . | . . . . . . . . . . . . . . . . . . Power Chain Reactions . | . . . . . . . . . . . . . . . . . . Alert | -11 -10 -9 -8 -8 -7 -6 -6 -6 -6 -6 -5 -4 -3 -2 -2 -1 -1 ------- Run | Yrd Mat Mat Mat Sto Fac Fac Ext Cet Arc Hub Fac Fac Res Res Tes Acc Com Maximum Alert Level 3 | . . . . . . . . . . 3 1 . . . . 1 2 Low Security (%) 87 | 100 100 100 100 100 100 100 100 100 100 22 97 100 100 100 100 74 53 Level 1 7 | . . . . . . . . . . 21 2 . . . . 25 38 Level 2 2 | . . . . . . . . . . 31 . . . . . . 7 Level 3 1 | . . . . . . . . . . 23 . . . . . . . Level 4 . | . . . . . . . . . . . . . . . . . . Level 5 . | . . . . . . . . . . . . . . . . . . High Security . | . . . . . . . . . . . . . . . . . . Max Security . | . . . . . . . . . . . . . . . . . . Peak Influence 835 | . 65 64 81 140 186 160 132 52 69 835 223 151 85 120 174 376 437 Initial 223 | . . . . 12 28 . 20 . . 5 223 . 12 29 20 . 134 Average 89 | . 6 26 27 52 39 36 21 10 40 463 24 25 13 34 40 138 213 Influence Increases 9366 | . 207 159 116 701 690 194 364 104 99 1717 447 465 154 659 800 1595 895 Destroy 0b10 Robot/C 5320 | . 100 100 60 380 340 60 240 80 80 600 200 280 100 480 560 1160 500 Destroy 0b10 Robot/NC 640 | . 30 20 5 120 105 10 40 5 5 115 20 15 . 25 50 60 15 Destroy Leader 1264 | . 24 34 20 134 96 12 40 . . 160 44 72 30 132 96 248 122 Allied During Kill 86 | . . . . 23 43 . 7 4 4 5 . . . . . . . Successful Hack 363 | . 23 . . . 36 11 5 7 . . 125 28 24 . . 79 25 Disable Machine 360 | . . 4 . 12 36 52 12 4 8 140 28 20 . 4 28 . 12 Anti-Garrison Action 200 | . . . . . . . . . . 150 . . . . . . 50 Destroy Structure 878 | . . 1 1 17 34 34 5 4 2 457 30 50 . 18 36 33 156 Partial Spotted 15 | . . . . . . . . . . 15 . . . . . . . Lose Combat Pursuer 240 | . 30 . 30 15 . 15 15 . . 75 . . . . 30 15 15 Influence Decreases 9366 | . 207 159 75 656 776 137 421 104 75 1119 1069 432 117 680 849 1320 1170 Entered New Map 774 | . . . . 29 58 . 37 . . 19 399 . 21 41 29 . 141 Time Decay 7797 | . 204 159 75 627 698 137 374 78 75 890 492 428 86 629 805 1230 810 Lost Part 518 | . . . . . . . . . . 170 10 4 . 10 15 90 219 Lost Ally 96 | . . . . . 20 . 10 26 . 40 . . . . . . . Purge Threat 181 | . 3 . . . . . . . . . 168 . 10 . . . . Squads Dispatched 45 | . . 1 . 2 6 . . . . 6 4 3 1 3 7 8 4 Investigation 2 | . . . . . 1 . . . . . . . . . . . 1 Extermination 26 | . . . . . 3 . . . . 2 3 2 1 3 4 5 3 Reinforcement 11 | . . 1 . 2 2 . . . . . . 1 . . 2 3 . Assault 2 | . . . . . . . . . . 2 . . . . . . . Garrison 4 | . . . . . . . . . . 2 1 . . . 1 . . Intercept . | . . . . . . . . . . . . . . . . . . Searches Triggered . | . . . . . . . . . . . . . . . . . . Unchained Authorized 1 | . . . . . . . . . . . 1 . . . . . . Construction Impeded . | . . . . . . . . . . . . . . . . . . Haulers Reinforced . | . . . . . . . . . . . . . . . . . . Active Scanning Responses . | . . . . . . . . . . . . . . . . . . Cargo Convoy Interrupts . | . . . . . . . . . . . . . . . . . . Stealth | -11 -10 -9 -8 -8 -7 -6 -6 -6 -6 -6 -5 -4 -3 -2 -2 -1 -1 --------- Run | Yrd Mat Mat Mat Sto Fac Fac Ext Cet Arc Hub Fac Fac Res Res Tes Acc Com Distress Signals 20 | . . . . 3 1 . 1 1 . 2 . . . 3 2 4 3 Communications Jammed . | . . . . . . . . . . . . . . . . . . Distress Signals . | . . . . . . . . . . . . . . . . . . Times Spotted 373 | . 11 11 5 23 20 5 17 4 4 44 17 14 5 31 38 65 59 Peak Tracking Total 14 | . 2 3 3 4 4 3 4 5 1 14 2 4 2 4 4 7 11 Tactical Retreats 13 | . 1 . 2 1 . 1 1 . . 1 . . . . 2 1 3 Traps | -11 -10 -9 -8 -8 -7 -6 -6 -6 -6 -6 -5 -4 -3 -2 -2 -1 -1 ------- Run | Yrd Mat Mat Mat Sto Fac Fac Ext Cet Arc Hub Fac Fac Res Res Tes Acc Com Traps Triggered 15 | . 2 1 . 3 1 . . . . . . . 3 1 3 1 . Indirectly . | . . . . . . . . . . . . . . . . . . Trap Hack Attempts . | . . . . . . . . . . . . . . . . . . Triggered . | . . . . . . . . . . . . . . . . . . Disarmed . | . . . . . . . . . . . . . . . . . . Reprogrammed . | . . . . . . . . . . . . . . . . . . Reused . | . . . . . . . . . . . . . . . . . . Traps Extracted . | . . . . . . . . . . . . . . . . . . Installed . | . . . . . . . . . . . . . . . . . . Triggered . | . . . . . . . . . . . . . . . . . . Machines | -11 -10 -9 -8 -8 -7 -6 -6 -6 -6 -6 -5 -4 -3 -2 -2 -1 -1 ---------- Run | Yrd Mat Mat Mat Sto Fac Fac Ext Cet Arc Hub Fac Fac Res Res Tes Acc Com Machines Disabled 93 | . . 1 . 3 9 13 3 1 2 36 7 5 . 1 7 . 5 Max in Single Turn 18 | . . 1 . 1 6 12 1 1 2 18 4 1 . 1 1 . 2 Garrison Access 5 | . . . . . . . . . . 1 2 . . . 1 1 . Phase Generator 1 | . . . . . . . . . . . . . . . . . 1 Network Hub 4 | . . . . . . . . . . 4 . . . . . . . Energy Cycler 1 | . . . . . . . 1 . . . . . . . . . . Machines Repaired . | . . . . . . . . . . . . . . . . . . Machines Dismantled . | . . . . . . . . . . . . . . . . . . Machines Sabotaged . | . . . . . . . . . . . . . . . . . . Overloaded Fab Kills . | . . . . . . . . . . . . . . . . . . Hacking | -11 -10 -9 -8 -8 -7 -6 -6 -6 -6 -6 -5 -4 -3 -2 -2 -1 -1 --------- Run | Yrd Mat Mat Mat Sto Fac Fac Ext Cet Arc Hub Fac Fac Res Res Tes Acc Com Machines Accessed 45 | . 6 . . 1 2 2 3 2 . . 8 2 3 3 1 8 4 Terminals 35 | . 6 . . 1 . 2 3 2 . . 5 2 2 2 . 7 3 Fabricators 2 | . . . . . 1 . . . . . . . 1 . . . . Repair Stations 1 | . . . . . . . . . . . . . . . . . 1 Recycling Units . | . . . . . . . . . . . . . . . . . . Scanalyzers 3 | . . . . . 1 . . . . . 1 . . 1 . . . Garrison Access 4 | . . . . . . . . . . . 2 . . . 1 1 . Total Hacks 160 | . 31 . . 1 4 4 3 5 . . 44 13 12 14 2 19 8 Successful 92 | . 23 . . 1 2 2 3 5 . . 22 6 4 10 1 9 4 Failed 68 | . 8 . . . 2 2 . . . . 22 7 8 4 1 10 4 Catastrophic 17 | . . . . . . 1 . . . . 3 4 2 1 1 3 2 Database Lockouts . | . . . . . . . . . . . . . . . . . . Manual 105 | . 27 . . . . 3 . . . . 33 10 9 4 . 13 6 Terminals 135 | . 31 . . 1 . 4 3 5 . . 40 13 9 4 . 18 7 Fabricators 5 | . . . . . 2 . . . . . . . 3 . . . . Repair Stations 1 | . . . . . . . . . . . . . . . . . 1 Recycling Units . | . . . . . . . . . . . . . . . . . . Scanalyzers 14 | . . . . . 2 . . . . . 2 . . 10 . . . Garrison Access 5 | . . . . . . . . . . . 2 . . . 2 1 . Terminal Hacks 44 | . 12 . . 1 . 1 3 5 . . 8 4 2 . . 7 1 Record 4 | . . . . . . . . 4 . . . . . . . . . Part Schematic 2 | . 2 . . . . . . . . . . . . . . . . Robot Analysis 5 | . 5 . . . . . . . . . . . . . . . . Prototype ID Bank 3 | . . . . . . . . . . . 2 . . . . 1 . Open Door 9 | . . . . 1 . 1 3 1 . . . . . . . 3 . Level Access Points 2 | . . . . . . . . . . . . 1 . . . 1 . Branch Access Points 3 | . . . . . . . . . . . 1 1 . . . 1 . Unreport Threat 8 | . 2 . . . . . . . . . 3 1 2 . . . . Locate Traps 5 | . 2 . . . . . . . . . 2 . . . . 1 . Recall Investigation 1 | . . . . . . . . . . . . 1 . . . . . Hauler Manifests 1 | . 1 . . . . . . . . . . . . . . . . Disengage Seal 1 | . . . . . . . . . . . . . . . . . 1 Fabricator Hacks . | . . . . . . . . . . . . . . . . . . Repair Station Hacks . | . . . . . . . . . . . . . . . . . . Recycling Unit Hacks . | . . . . . . . . . . . . . . . . . . Scanalyzer 14 | . . . . . 2 . . . . . 2 . . 10 . . . Retrieve Study 14 | . . . . . 2 . . . . . 2 . . 10 . . . Garrison Access Hacks 4 | . . . . . . . . . . . 2 . . . 1 1 . Seal Access 4 | . . . . . . . . . . . 2 . . . 1 1 . Unauthorized Hacks 30 | . 11 . . . . 1 . . . . 10 2 2 . . 1 3 Terminals 29 | . 11 . . . . 1 . . . . 10 2 2 . . 1 2 Botnet 18 | . 5 . . . . 1 . . . . 5 2 2 . . 1 2 Operators 1 | . 1 . . . . . . . . . . . . . . . . Skim 10 | . 5 . . . . . . . . . 5 . . . . . . Fabricators . | . . . . . . . . . . . . . . . . . . Repair Stations 1 | . . . . . . . . . . . . . . . . . 1 Patch 1 | . . . . . . . . . . . . . . . . . 1 Recycling Units . | . . . . . . . . . . . . . . . . . . Scanalyzers . | . . . . . . . . . . . . . . . . . . Garrison Access . | . . . . . . . . . . . . . . . . . . Data Cores Recovered 3 | . . . . . . . 1 . . . . . . . 1 . 1 Used . | . . . . . . . . . . . . . . . . . . Hacking Detections 29 | . 6 . . . 2 1 . 1 . . 5 2 3 3 . 4 2 Full Trace Events . | . . . . . . . . . . . . . . . . . . Feedback Events . | . . . . . . . . . . . . . . . . . . Feedback Blocked . | . . . . . . . . . . . . . . . . . . Robot Schematics Acquired 2 | . . . . . . . . . . . . . . . 2 . . Robots Built . | . . . . . . . . . . . . . . . . . . Authchips . | . . . . . . . . . . . . . . . . . . Time . | . . . . . . . . . . . . . . . . . . Total Robot Build Rating . | . . . . . . . . . . . . . . . . . . Part Schematics Acquired 13 | . 2 . . . . . . . . . . . . . 11 . . Parts Built . | . . . . . . . . . . . . . . . . . . Authchips . | . . . . . . . . . . . . . . . . . . Time . | . . . . . . . . . . . . . . . . . . Total Part Build Rating . | . . . . . . . . . . . . . . . . . . Part Studies Acquired 14 | . . . . . 2 . . . . . 2 . . 10 . . . Parts Repaired . | . . . . . . . . . . . . . . . . . . Time . | . . . . . . . . . . . . . . . . . . Parts Recycled . | . . . . . . . . . . . . . . . . . . Recycled Matter . | . . . . . . . . . . . . . . . . . . Retrieved Matter . | . . . . . . . . . . . . . . . . . . Retrieved Components . | . . . . . . . . . . . . . . . . . . Parts Scanalyzed . | . . . . . . . . . . . . . . . . . . Part Schematics Acquired . | . . . . . . . . . . . . . . . . . . Parts Damaged . | . . . . . . . . . . . . . . . . . . Bothacking | -11 -10 -9 -8 -8 -7 -6 -6 -6 -6 -6 -5 -4 -3 -2 -2 -1 -1 ------------ Run | Yrd Mat Mat Mat Sto Fac Fac Ext Cet Arc Hub Fac Fac Res Res Tes Acc Com Used RIF Installer . | . . . . . . . . . . . . . . . . . . Robots Hacked . | . . . . . . . . . . . . . . . . . . Non-combat . | . . . . . . . . . . . . . . . . . . Combat . | . . . . . . . . . . . . . . . . . . Robot Hacks Applied . | . . . . . . . . . . . . . . . . . . Relay Couplers Released 2 | . . . . . . . . . . . 2 . . . . . . Machine Destruction 2 | . . . . . . . . . . . 2 . . . . . . Fabnet Peak Effective % . | . . . . . . . . . . . . . . . . . . Robots Rewired . | . . . . . . . . . . . . . . . . . . Allies Hacked . | . . . . . . . . . . . . . . . . . . Hacks Repelled . | . . . . . . . . . . . . . . . . . . Allies | -11 -10 -9 -8 -8 -7 -6 -6 -6 -6 -6 -5 -4 -3 -2 -2 -1 -1 -------- Run | Yrd Mat Mat Mat Sto Fac Fac Ext Cet Arc Hub Fac Fac Res Res Tes Acc Com Total Allies 15 | . . . . 10 . . 5 . . . . . . . . . . Largest Group 10 | . . . . 10 9 . 4 4 2 2 . . . . . . . Highest-Rated Group 173 | . . . . 173 154 . 129 129 78 78 . . . . . . . Highest-Rated Ally 39 | . . . . 29 26 . 39 39 39 39 . . . . . . . Total Orders . | . . . . . . . . . . . . . . . . . . Ally Attacks 114 | . . . . 2 65 . 2 15 4 26 . . . . . . . Total Damage 1419 | . . . . 27 688 . 69 219 77 339 . . . . . . . Kills 22 | . . . . . 12 . . 4 2 4 . . . . . . . Allies Corrupted . | . . . . . . . . . . . . . . . . . . Allies Melted . | . . . . . . . . . . . . . . . . . . Intel | -11 -10 -9 -8 -8 -7 -6 -6 -6 -6 -6 -5 -4 -3 -2 -2 -1 -1 ------- Run | Yrd Mat Mat Mat Sto Fac Fac Ext Cet Arc Hub Fac Fac Res Res Tes Acc Com Active Infowar (turns) 1524 | . . . . . . . . . . . 1463 59 . . 2 . . Optics 1 | . . . . . . . . . . . . . . . 1 . . Sensors 1521 | . . . . . . . . . . . 1463 58 . . . . . T.N.C. 1 | . . . . . . . . . . . . 1 . . . . . ECM 1 | . . . . . . . . . . . . . . . 1 . . Robot Analysis Total 5 | . 5 . . . . . . . . . . . . . . . . Derelict Logs Recovered . | . . . . . . . . . . . . . . . . . . Drone Launches . | . . . . . . . . . . . . . . . . . . Drone Recoveries . | . . . . . . . . . . . . . . . . . . Exploration | -11 -10 -9 -8 -8 -7 -6 -6 -6 -6 -6 -5 -4 -3 -2 -2 -1 -1 ------------- Run | Yrd Mat Mat Mat Sto Fac Fac Ext Cet Arc Hub Fac Fac Res Res Tes Acc Com Turns Passed 15645 | 77 927 287 171 901 1446 413 954 270 103 1201 1599 1009 418 1129 1714 1868 1158 Spaces Moved 7523 | 44 444 143 76 386 792 215 456 144 52 467 640 441 201 571 859 926 666 Core 180 | 8 . . . 1 . . . . . 1 . . . . . . 170 Treads 6774 | 36 444 143 76 385 792 215 456 144 52 298 239 441 201 571 859 926 496 Legs 14 | . . . . . . . . . . . 14 . . . . . . Wheels 555 | . . . . . . . . . . 168 387 . . . . . . Hover . | . . . . . . . . . . . . . . . . . . Flight . | . . . . . . . . . . . . . . . . . . Fastest Speed 50 | 50 160 160 160 152 170 170 167 163 163 130 160 158 158 161 158 158 50 Average Speed 168 | 146 160 160 160 163 170 170 168 163 163 178 199 199 181 169 165 158 131 Slowest Speed 850 | 160 160 160 160 500 170 170 210 167 163 850 450 225 228 170 170 163 225 Overloaded Moves . | . . . . . . . . . . . . . . . . . . Propulsion Burnouts . | . . . . . . . . . . . . . . . . . . Robots Hopped . | . . . . . . . . . . . . . . . . . . Potential Cave-ins 4 | . . . . . . . . . . 4 . . . . . . . Cave-ins Triggered 1 | . . . . . . . . . . . . 1 . . . . . Exploration Rate (%) 36 | 3 72 23 7 63 26 7 77 69 68 48 17 13 8 21 72 27 28 Regions Visited 17 Branch Regions 7 Pre-discovered Areas 2 | . 2 . . . . . . . . . . . . . . . . Known Exits Taken 17 | 1 1 1 1 1 1 1 1 1 1 1 1 1 1 1 1 1 . Unknown Exits Taken . | . . . . . . . . . . . . . . . . . . Scrap Searched . | . . . . . . . . . . . . . . . . . . Spaces Dug 5 | . . . . . . . . . . . . 5 . . . . . Terrain Destroyed 978 | . . . . 15 44 34 6 . 3 722 13 28 2 12 16 16 67 Melee 5 | . . . . . . . . . . . . 5 . . . . . Projectile 97 | . . . . . 2 . . . 3 46 1 9 2 8 9 11 6 AOE 850 | . . . . 15 42 34 . . . 672 12 14 . . . . 61 Terrain Rammed . | . . . . . . . . . . . . . . . . . . Walls Destroyed . | . . . . . . . . . . . . . . . . . . Machines Disabled . | . . . . . . . . . . . . . . . . . . Actions | -11 -10 -9 -8 -8 -7 -6 -6 -6 -6 -6 -5 -4 -3 -2 -2 -1 -1 --------- Run | Yrd Mat Mat Mat Sto Fac Fac Ext Cet Arc Hub Fac Fac Res Res Tes Acc Com Total 9055 | 53 634 167 103 530 837 247 539 165 59 621 883 495 232 638 974 1084 794 Wait 505 | . 129 . 12 42 10 5 28 . 2 8 191 . . 11 10 14 43 Move 7506 | 43 443 142 75 385 791 214 455 143 51 466 639 440 200 570 858 925 666 Hop . | . . . . . . . . . . . . . . . . . . Pick Up 77 | 3 17 1 2 5 2 3 3 2 . 5 3 2 2 3 7 15 2 Fast Attach 85 | 7 3 . . 6 . . 1 1 . 12 11 6 9 4 4 11 10 Attach 47 | . 1 2 2 2 2 2 . . . 10 2 1 2 2 5 4 10 Detach 21 | . . . . . . . . . . 5 5 2 2 2 2 3 . Swap 122 | . 6 5 2 15 4 8 6 7 1 11 5 11 7 5 17 12 . Drop 120 | . 15 3 1 15 3 8 8 7 1 8 1 5 4 9 10 16 6 Fire 544 | . 20 14 9 58 24 7 36 5 4 93 25 20 6 32 56 83 52 Melee 19 | . . . . 2 . . . . . 3 1 8 . . 5 . . Ram 3 | . . . . . . . . . . . . . . . . . 3 Kick . | . . . . . . . . . . . . . . . . . . Crush 3 | . . . . . . . . . . . . . . . . 1 2 Escape Stasis . | . . . . . . . . . . . . . . . . . . Rewire 3 | . . . . . 1 . 2 . . . . . . . . . . Trap . | . . . . . . . . . . . . . . . . . . Miscellaneous . | . . . . . . . . . . . . . . . . . . Route ------- -11/Scrapyard -10/Materials (discovered 3 exits: *Mat x2 / *Min) -9/Materials -8/Materials -8/Storage (discovered 2 exits: *Fac / Rec) -7/Factory (discovered 2 exits: *Fac / *Low) -6/Factory -6/Extension (discovered 2 exits: *Fac / *Cet) -6/Cetus -6/Archives (discovered 2 exits: *Fac / *Hub) -6/Hub_04(d) (discovered 2 exits: *Fac x2) -5/Factory (discovered 4 exits: *Fac x2 / Upp x2) -4/Factory (discovered 6 exits: *Res x4 / Upp x2) -3/Research -2/Research -2/Testing -1/Access (discovered 2 exits: Sur / *Com) -1/Command History --------- Turn | Location | Event 13 | -11/Scrapyard | Identified exit to Materials 13 | -11/Scrapyard | Discovered exit to Materials (range 16) 78 | -11/Scrapyard | Entered Materials 78 | -10/Materials | Evolved 1 slot: Weapon x1 189 | -10/Materials | Identified exit to Mines 189 | -10/Materials | Discovered exit to Mines (range 16) 332 | -10/Materials | Build established: Hacker-Tank 335 | -10/Materials | Identified exit to Materials 335 | -10/Materials | Discovered exit to Materials (range 16) 819 | -10/Materials | Learned Storage emergency access door positions 852 | -10/Materials | Learned location of Storage (-8) 875 | -10/Materials | Learned location of Subcaves (-10) 912 | -10/Materials | Learned 2 Storage zone layouts 987 | -10/Materials | Discovered exit to Materials (range 6) 1005 | -10/Materials | Entered another Materials area 1005 | -9/Materials | Evolved 2 slots: Propulsion x1, Weapon x1 1234 | -9/Materials | Identified exit to Materials 1234 | -9/Materials | Discovered exit to Materials (range 15) 1292 | -9/Materials | Entered another Materials area 1292 | -8/Materials | Evolved 2 slots: Utility x2 1293 | -8/Materials | Identified exit to Storage 1463 | -8/Materials | Entered Storage 1464 | -8/Storage | Identified exit to Recycling 1465 | -8/Storage | Identified exit to Factory 2280 | -8/Storage | Assisted by bots powering up and referring to "LRC-V3" 2364 | -8/Storage | Entered Factory 2364 | -7/Factory | Accompanied by 9 allies 2364 | -7/Factory | Evolved 2 slots: Propulsion x1, Weapon x1 2576 | -7/Factory | Build established: Commander-Tank 2830 | -7/Factory | Identified exit to Lower Caves 2830 | -7/Factory | Discovered exit to Lower Caves (range 13) 3057 | -7/Factory | Lost 5 allies 3121 | -7/Factory | P-60 Hacker assimilated allied Trooper 3h 3310 | -7/Factory | Build established: Hacker-Tank 3774 | -7/Factory | Identified exit to Factory 3774 | -7/Factory | Discovered exit to Factory (range 13) 3810 | -7/Factory | Entered another Factory area 3810 | -6/Factory | Evolved 2 slots: Utility x1, Weapon x1 4117 | -6/Factory | Build established: Hacker-Executioner 4209 | -6/Factory | Identified exit to Extension 4209 | -6/Factory | Discovered exit to Extension (range 10) 4223 | -6/Factory | Entered Extension 4230 | -6/Extension | Disrupted transfer network 4541 | -6/Extension | Rescued a captive Derelict 4557 | -6/Extension | Spotted B-75 Beast 4595 | -6/Extension | Destroyed B-75 Beast 4628 | -6/Extension | Spotted B-75 Beast 4657 | -6/Extension | Destroyed B-75 Beast 4806 | -6/Extension | Rescued a captive Derelict 4841 | -6/Extension | Rescued a captive Derelict 4842 | -6/Extension | Rescued a captive Derelict 4967 | -6/Extension | Energy Cycler disabled 4968 | -6/Extension | Rescued a captive Derelict 5150 | -6/Extension | Identified exit to Factory 5150 | -6/Extension | Discovered exit to Factory (range 10) 5156 | -6/Extension | Identified exit to Cetus 5156 | -6/Extension | Discovered exit to Cetus (range 6) 5177 | -6/Extension | Entered Cetus 5177 | -6/Cetus | Accompanied by 4 allies 5198 | -6/Cetus | Spotted Cetus Guard 5199 | -6/Cetus | Spotted Cetus Guard 5204 | -6/Cetus | Spotted Cetus Guard 5205 | -6/Cetus | Allies destroyed Cetus Guard 5207 | -6/Cetus | Destroyed Cetus Guard 5211 | -6/Cetus | Spotted Cetus Guard 5215 | -6/Cetus | Allies destroyed Cetus Guard 5217 | -6/Cetus | Allies destroyed Cetus Guard 5423 | -6/Cetus | Identified exit to Archives 5423 | -6/Cetus | Discovered exit to Archives (range 15) 5447 | -6/Cetus | Entered Archives 5447 | -6/Archives | Accompanied by 2 allies 5499 | -6/Archives | Unable to access archive contents 5506 | -6/Archives | Discovered exit to Factory (range 15) 5524 | -6/Archives | Identified exit to Hub_04(d) 5524 | -6/Archives | Discovered exit to Hub_04(d) (range 15) 5539 | -6/Archives | Build established: Scavenger-Executioner 5550 | -6/Archives | Entered Hub_04(d) 5550 | -6/Hub_04(d) | Accompanied by 2 allies 5573 | -6/Hub_04(d) | Disrupted transfer network 5604 | -6/Hub_04(d) | Discovered exit to Factory (range 15) 5691 | -6/Hub_04(d) | Spotted B-75 Beast 5712 | -6/Hub_04(d) | Destroyed B-75 Beast 5761 | -6/Hub_04(d) | Garrison activated, responded to threat 5798 | -6/Hub_04(d) | Network Hub disabled 5878 | -6/Hub_04(d) | Network Hub disabled 5913 | -6/Hub_04(d) | Spotted Lightning 5918 | -6/Hub_04(d) | Spotted Lightning 5919 | -6/Hub_04(d) | Spotted Lightning 5922 | -6/Hub_04(d) | Destroyed Lightning 5941 | -6/Hub_04(d) | Destroyed Lightning 5953 | -6/Hub_04(d) | Destroyed Lightning 5964 | -6/Hub_04(d) | Found Prototype Device 5964 | -6/Hub_04(d) | Identified Exp. EM Shield 5973 | -6/Hub_04(d) | Found Prototype Processor 5973 | -6/Hub_04(d) | Identified Exp. Targeting Computer 5986 | -6/Hub_04(d) | Found Exp. Targeting Computer 6017 | -6/Hub_04(d) | Found Prototype Device 6017 | -6/Hub_04(d) | Identified Exp. Phase Shifter 6080 | -6/Hub_04(d) | Spotted Lightning 6080 | -6/Hub_04(d) | Spotted Lightning 6081 | -6/Hub_04(d) | Spotted Lightning 6085 | -6/Hub_04(d) | Spotted Lightning 6085 | -6/Hub_04(d) | Spotted Lightning 6087 | -6/Hub_04(d) | Spotted Lightning 6093 | -6/Hub_04(d) | Destroyed Lightning 6095 | -6/Hub_04(d) | System corruption reached 10% 6097 | -6/Hub_04(d) | Network Hub disabled 6115 | -6/Hub_04(d) | Destroyed Lightning 6160 | -6/Hub_04(d) | Destroyed Lightning 6160 | -6/Hub_04(d) | Destroyed Lightning 6173 | -6/Hub_04(d) | Destroyed Lightning 6177 | -6/Hub_04(d) | Destroyed Lightning 6219 | -6/Hub_04(d) | Destroyed 7 combat bots 6224 | -6/Hub_04(d) | Lost 12 parts (1p3n2u6w) 6250 | -6/Hub_04(d) | First assault squad dispatched 6453 | -6/Hub_04(d) | Found Prototype Energy Cannon 6453 | -6/Hub_04(d) | Identified EMDS 6462 | -6/Hub_04(d) | Found EMDS 6578 | -6/Hub_04(d) | Found EMDS 6704 | -6/Hub_04(d) | Core integrity fell below 50% 6739 | -6/Hub_04(d) | Discovered exit to Factory (range 5) 6746 | -6/Hub_04(d) | Network Hub disabled 6751 | -6/Hub_04(d) | Entered Factory 6751 | -5/Factory | Evolved 2 slots: Utility x2 7131 | -5/Factory | Unchained authorized (CL-0N3) 7669 | -5/Factory | R-10 Processor reconstituted as Cetus Guard 7669 | -5/Factory | Spotted Cetus Guard 7676 | -5/Factory | Destroyed Cetus Guard 7676 | -5/Factory | Cetus Guard reconstituted as CL-0N3 7773 | -5/Factory | Identified exit to Upper Caves 7853 | -5/Factory | Identified exit to Factory 7877 | -5/Factory | Learned location of 1 exit from Extension 7960 | -5/Factory | Garrison activated, responded to threat 8042 | -5/Factory | U-05 Engineer reconstituted as Executioner 8044 | -5/Factory | Spotted Executioner 8052 | -5/Factory | Destroyed Executioner 8052 | -5/Factory | Executioner reconstituted as CL-0N3 8056 | -5/Factory | Spotted CL-0N3 8350 | -5/Factory | Entered another Factory area 8350 | -4/Factory | Evolved 2 slots: Propulsion x1, Utility x1 8351 | -4/Factory | Identified exit to Research 8393 | -4/Factory | Identified exit to Upper Caves 8561 | -4/Factory | Crushed by falling debris 8852 | -4/Factory | Build established: Hacker-Executioner 8854 | -4/Factory | Spotted B-86 Titan 8863 | -4/Factory | Destroyed B-86 Titan 9125 | -4/Factory | Found Prototype Processor 9125 | -4/Factory | Identified Exp. Signal Interpreter 9147 | -4/Factory | Found Exp. Signal Interpreter 9359 | -4/Factory | Entered Research 9359 | -3/Research | Evolved 2 slots: Power x1, Propulsion x1 9736 | -3/Research | Identified exit to Research 9736 | -3/Research | Discovered exit to Research (range 14) 9777 | -3/Research | Entered another Research area 9777 | -2/Research | Evolved 2 slots: Weapon x2 10861 | -2/Research | Identified exit to Testing 10861 | -2/Research | Discovered exit to Testing (range 5) 10906 | -2/Research | Entered Testing 10962 | -2/Testing | Found Prototype Energy Gun 10962 | -2/Testing | Identified Tachyon Dispersion Ray 11072 | -2/Testing | Build established: Scientist-Executioner 11339 | -2/Testing | Scanned by Researcher 11417 | -2/Testing | Garrison activated, responded to threat 11497 | -2/Testing | Build established: Scavenger-Executioner 11764 | -2/Testing | Spotted Striker 11801 | -2/Testing | Spotted Striker 11809 | -2/Testing | Spotted Alpha 7 11821 | -2/Testing | Destroyed Striker 11829 | -2/Testing | Destroyed Striker 11848 | -2/Testing | Destroyed Alpha 7 11864 | -2/Testing | Found Exp. Targeting Computer 11879 | -2/Testing | Found Prototype Device 11879 | -2/Testing | Identified Exp. ECM Suite 11980 | -2/Testing | Found Prototype Device 11980 | -2/Testing | Identified Adv. Particle Accelerator 12334 | -2/Testing | Found Prototype Processor 12334 | -2/Testing | Identified Spectral Analyzer 12502 | -2/Testing | Identified exit to Access 12502 | -2/Testing | Discovered exit to Access (range 5) 12620 | -2/Testing | Entered Access 12620 | -1/Access | Evolved 2 slots: Propulsion x2 13018 | -1/Access | Identified exit to Surface 13317 | -1/Access | Found Prototype Processor 13317 | -1/Access | Identified Exp. Target Analyzer 13323 | -1/Access | Found Exp. Target Analyzer 13656 | -1/Access | Destroyed 7 combat bots 13846 | -1/Access | Identified exit to Command 14210 | -1/Access | Lost 3 parts (1p2u) 14488 | -1/Access | Entered Command 14696 | -1/Command | Phase Generator disabled 14763 | -1/Command | Spotted B-99 Colossus 14787 | -1/Command | Destroyed B-99 Colossus 14817 | -1/Command | Found Prototype Ballistic Gun 14817 | -1/Command | Identified Multirail 14821 | -1/Command | Found Unknown Protection 14821 | -1/Command | Identified Hvy. Insulated Plating 15199 | -1/Command | Disengaged cave seal 15199 | -1/Command | Wild derelicts emerged from the dark tunnel 15452 | -1/Command | Destroyed 8 combat bots 15476 | -1/Command | Spotted Executioner 15476 | -1/Command | Spotted Executioner 15476 | -1/Command | Spotted Executioner 15476 | -1/Command | Spotted Executioner 15476 | -1/Command | Spotted Striker 15476 | -1/Command | Spotted Striker 15476 | -1/Command | Spotted Alpha 7 15476 | -1/Command | Spotted Alpha 7 15478 | -1/Command | Spotted B-99 Colossus 15489 | -1/Command | Destroyed Striker 15493 | -1/Command | Destroyed Executioner 15497 | -1/Command | Destroyed Executioner 15505 | -1/Command | System corruption reached 10% 15533 | -1/Command | Destroyed Striker 15558 | -1/Command | Released all parts (6) 15562 | -1/Command | Core integrity fell below 50% 15589 | -1/Command | Lost 23 parts (1p5n5u12w) 15604 | -1/Command | Spotted M Guard 15604 | -1/Command | Spotted M Guard 15604 | -1/Command | Spotted Combat Programmer 15622 | -1/Command | Spotted Combat Programmer 15629 | -1/Command | Core integrity fell below 20% 15646 | -1/Command | Destroyed by Combat Programmer with EMDS Last Messages --------------- to Command Zone 6M. 15623_ EMDS Slug penetrates Wall. 15623_ Penetrated by EMDS Slug. 15627_ EMDS Slug penetrates Wall. 15628_ Penetrated by Slug. 15628_ Slug penetrates Wall. 15628_ Penetrated by Slug. 15630_ #|ZQQDLPAF<60MIZY>=QLFESGFRY 15639_ Combat Programmer resets B-99 Colossus, system corruption cleaned. 15640_ K-01 Serf collects debris. 15640_ Knocked back. 15640_ Slug penetrates Wall. 15640_ Penetrated by Slug. 15643_ Penetrated by EMDS Slug. 15644_ Slammed into Executioner. 15645_ Destabilizing: Core damaged (-48). 15646_ Executioner knocked back. 15646_ Penetrated by Slug. 15646_ Slug penetrates Wall. 15646_ Penetrated by EMDS Slug. Map ----- +----------------------------------------------------+ | # #???????????# #?????????????????^ | | ###### ##+###?########??# #??????#?????????? | | ?????# #??????# # #??????# ??????????? | | ?????# #??????# + #??????# ?????????? | | ?????# #??????# # #??????# ?????????? | | ???# #??????# ??# #??????? ????????? | | ???# #??????# = ????# #????? ?? %????????? | | ??# #??????# ??????# #????? ###%######### | | ? ?# #??????# ????????# #????? #[*[ | | ?? # #????????????????# #?????" # | | ??? # #????????????????# #????? # | | ???? + #????????????????# #????# ## | | ?????# ########??######## #????# ## % | | ?????+ #????# ## | | ?????# ############# ####+###### ## | | ?????# # ## # %## #######[##### | | ?????# # ## # =!*# #####%! #### | | ?????# # ## #"""" ==%+% %%!=! % | | ?????# # + #"""" |%!# ##### *!#### | | ?????# # ## #""""===!##+#######!##### | | ?????# # ## #""""%=%!# ##%# | | ?????# # !##p# =!%%!* # ##=+ | | ?????# # = ## % *!=[ #!! ##[# | | ?????# # #; /E =*%!%#! ##!# % | | ?????# ###+#######;BB;######"## ##[# | | ???### # #????# BB@ %#?#%??# ] !##=# | | T" #????# ###%#?# ##%##### | | "" #????# p== ##"#"#####"#####[##### | | ############ #????# == #?# * # #=## | | ???????????######????# == #?# #?##=%[# | | ?????????????????????# #?# #?#!/[=" | | ?????????????????????########?# % % %#?# [ *! | | ??????????????????????????????# =!! #?# %!=! | | ??????????????????????????????# =! #?# ==!" | | ??????????????????????????????# =! ### !|!# | | ???????????????????###?#?##???# = ! "# ##%!# | | ???????????????? # " " # ##?# =!*%]= " ##[## | | ???????????????? ^ ^^^!%#"![=*%=""####=###+# | | ???????????????" ^ ^ ^^/%!!=[=!! | | ???????????????" ^ ^^ =^//= [!%/ | | ???????????????"^ ^ ^!/!!!*!!% | | ???????????????" ^ ^^^ ^/% !% | | ???????????????" ^ ^ ^!#"########""#######+# | | ???????????????? # # # #%#####??????? # #???# | | ???????????????????????#?##????????????####???# | | ??????????????????????????????????????????????# | | ??????????????????????????????????????????????# | | ??????????????????????????????????????????????# | | ??????????????????????????????????????????????# | | ??????????????????????????????????????????????# | +----------------------------------------------------+ Best States ------------- Heat Dissipation 128 Energy Generation 51 Energy Capacity 590 Matter Stores 300 Matter Capacity 300 Sight Range 16 Robot Scan Range 16 Terrain Scan Density 10 ECM Strength 3 Armor Coverage 600 Resistance: KI 35 Resistance: TH 35 Resistance: EX 35 Resistance: EM 65 Resistance: I 35 Resistance: S 35 Resistance: P 35 Evasion (%) 60 Targeting Accuracy 24 Target Analysis 12 Core Analysis 6 Armor Integrity Analysis 30 Recoil Reduction 8 Kinecelleration 40 Offensive Hacking 20 Item Schematics ----------------- Assault Rifle | -10/Materials | Hacked Hcp. Matter Pod | -10/Materials | Hacked Exp. Field Recycling Unit | -2/Testing | Archive Exp. Melee Analysis Suite | -2/Testing | Archive Exp. Terrain Scan Processor | -2/Testing | Archive Adv. KE Penetrator | -2/Testing | Archive Gravity Neutralizer | -2/Testing | Archive Ragnarok Missile Launcher | -2/Testing | Archive Kinetic Spear | -2/Testing | Archive Adv. Energy Well | -2/Testing | Archive Tactical Quantum Warhead | -2/Testing | Archive Centrium Medium Armor Plating | -2/Testing | Archive Gravity Flail | -2/Testing | Archive Robot Schematics ------------------ Y-72 Warden | -2/Testing | Archive H-77 Assassin | -2/Testing | Archive Fabricated ------------ Nothing Repaired ---------- Nothing Studied --------- Hvy. Assault Rifle | -7/Factory | Hacked Arm. Treads | -7/Factory | Hacked KE Penetrator | -5/Factory | Hacked Field Propulsion Drive | -5/Factory | Hacked Railgun | -2/Research | Hacked Adv. Heavy Siege Treads | -2/Research | Hacked Arm. Heavy Treads | -2/Research | Hacked Imp. Heavy Treads | -2/Research | Hacked Particle Reactor | -2/Research | Hacked Quantum Reactor | -2/Research | Hacked Lgt. Angular Momentum Engine | -2/Research | Hacked Antimatter Reactor | -2/Research | Hacked Rnf. Fission Core | -2/Research | Hacked Adv. Medium Treads | -2/Research | Hacked Alien Tech Used ----------------- None Achievements -------------- None Challenges ------------ None Game ------ Seed ColdPropulsionFalx Manual? 0 Play Time 01:51:18 Cumulative 277.9 hours Start 2026.09.18 @ 06:58:49 End 2026.09.18 @ 08:48:22 Sessions 1 Manual Loads 0 Difficulty Explorer Special Mode None Game No. 500 Rogue 330 Adventurer 15 Explorer 155 Win Type - Total 33 Types 32/0/0/1/0/0/0/0/0/0 Lore% 66 Gallery% 65 Achievement% 58 Wizard Run 0 Options --------- Layout 0 ASCII 0 Keyboard 1 Movement Numpad Keybinds 0 Fullscreen 2 Font 18/SmallcapsGlow Map View 76x50 Zoom Use 0% Tactical HUD 1 Map Filters NONE Filters NONE Steam 1 RUN: 5b7a92b9-4721-4f3d-9749-d18c84747eb3